 Dungeon Crawl Stone Soup version 0.31-a0-221-gbddc013574 (webtiles) character file.

Game seed: 2649138615509979982

10550 qw the Cleaver (level 11, 0/69 HPs)
             Began as a Gargoyle Fighter on July 4, 2023.
             Was a Priest of Okawaru.
             Slain by Maurice
             ... wielding a +0 broad axe
              (5 damage)
             ... on level 10 of the Dungeon.
             The game lasted 00:05:13 (9693 turns).

qw the Cleaver (Gargoyle Fighter)                   Turns: 9693, Time: 00:05:13

Health: 0/69       AC: 23    Str: 24    XL:     11   Next: 63%
Magic:  14/14      EV:  6    Int:  9    God:    Okawaru [***...]
Gold:   0          SH: 10    Dex:  9    Spells: 10/10 levels left

rFire   . . .        Y - +1 war axe (vamp)
rCold   . . .        w - +0 kite shield
rNeg    + . .        v - +0 plate armour
rPois   inf          n - +0 helmet
rElec   +            t - +0 cloak
rCorr   +            (no gloves)
SInv    .            (no boots)
Will    .....        (no amulet) Stlth
                     s - ring of resist corrosion
HPRegen 0.31/turn    (no ring)
MPRegen 0.14/turn

%: no passive effects
@: no status effects
A: sickness immunity, AC +8, negative energy resistance 1, electricity
resistance, torment resistance 1, petrification resistance
a: Renounce Religion, Heroism


You were on level 10 of the Dungeon.
You worshipped Okawaru.
Okawaru was most pleased with you.
You visited 2 branches of the dungeon, and saw 11 of its levels.
You also visited: Sewer.

You collected 135 gold pieces.
You spent 135 gold pieces at shops.


Innate Abilities, Weirdness & Mutations

You are immune to sickness and miasma.
Your stone body is resilient. (AC +8)
You are immune to poison.
You resist negative energy. (rN+)
You are resistant to electric shocks. (rElec)
You are resistant to unholy torment.
You are immune to petrification.


   Skills:
 + Level 8.6 Fighting
 - Level 11.0 Axes
 - Level 2.2 Throwing
 - Level 7.0 Armour
 - Level 1.1 Dodging
 - Level 10.0 Shields
 - Level 4.9 Invocations


You had 10 spell levels left.
You didn't know any spells.
Your spell library was empty.

Inventory:

Hand Weapons
 k - a +0 war axe
 Y - a +1 vampiric war axe (weapon)
Missiles
 h - 15 boomerangs (quivered)
Armour
 n - a +0 helmet (worn)
 t - a +0 cloak (worn)
 v - a +0 plate armour (worn)
 w - a +0 kite shield (worn)
Jewellery
 s - a ring of resist corrosion (left hand)
Potions
 a - a potion of magic
 b - a potion of heal wounds
 d - a potion of might
 e - a potion of mutation
 f - 2 potions of haste
 i - 3 potions of lignification
 j - 2 potions of curing
 m - 3 potions of enlightenment
 p - a potion of cancellation
 q - a potion of resistance
 u - a potion of attraction

Dungeon Overview and Level Annotations

Branches:
Dungeon (10/15)            Temple (1/1) D:5           Sewer (visited)
   Lair: D:8-11         Orc: D:9-12

Altars:
Ashenzari
Cheibriados
Dithmenos
Elyvilon
Fedhas
Gozag
Hepliaklqana
Kikubaaqudgha
Makhleb
Nemelex Xobeh
Okawaru
Qazlal
Ru
Sif Muna
Trog
Uskayaw
Vehumet
Wu Jian
Xom
Yredelemnul
The Shining One

Shops:
D:6 [

Annotations:
D:10 Maurice


Message History

Something hits you.
Something steals your scroll of identify!
Something freezes you.
You closely miss something.
You hear some strange, mumbled words.
You swing at nothing.
You swing at nothing.
You swing at nothing.
Something drops a +1 dagger of freezing.
Something picks up a broad axe.
You swing at nothing.
A boomerang appears from out of thin air!
The boomerang hits you!
You swing at nothing.
You barely miss something. Something completely misses you.
You miss something. Something hits you.
Something steals 387 gold pieces!
You now have 30 gold pieces.
You closely miss something. Something hits you but does no damage.
You closely miss something. Something hits you but does no damage.
You hit something.
You feel better. Something hits you!
Something steals 30 gold pieces!
You now have 0 gold pieces.
Something hits you.
Something groans, "What are you, a monk?"
You barely miss something.
You hear some strange, mumbled words.
You swing at nothing.
You slash something! Something hits you!
Something grunts, "Curses!"
You slash something! Something hits you but does no damage.
You slash something! You block something's attack.
You miss something. Something hits you.
You die...

#.. #.......#.....#
#...#.....######...
#...#....# ####
#...#.... # ...#...#
#### 7.7###########
.....77.77.......'.####
.......8.........'....##
....77@77.......'......
# 7{7#########...... .).
#......... #...#
#......^.. #...#
##........ #...#
##....... #...# #....(..
#...# ##...... ##.....


There were no monsters in sight!

Vanquished Creatures
  Harold (D:9)
  3 two-headed ogres (D:9)
  A centaur warrior (D:8)
  A boulder beetle (D:9)
  Pikel (D:8)
  An ugly thing (D:9)
  Joseph (D:10)
  A kobold demonologist (D:10)
  A troll (D:10)
  A hornet (D:9)
  A slime creature (D:9)
  A yak (D:9)
  2 vampires
  A wraith (D:8)
  Eustachio (D:4)
  A wyvern (D:9)
  A steam dragon (D:7)
  A water moccasin (D:6)
  2 ice beasts
  5 orc warriors
  2 sky beasts
  An ogre (D:7)
  4 lemures (D:8)
  2 phantoms (D:5)
  6 centaurs
  6 bullfrogs
  A gnoll sergeant (D:7)
  15 wights
  A killer bee (D:9)
  4 howler monkeys
  3 hounds
  3 jellies
  A gnoll bouda (D:7)
  An orc priest (D:5)
  A sleepcap (D:7)
  Terence (D:2)
  3 iguanas
  12 orc wizards
  Robin (D:2)
  6 gnolls (D:7)
  11 adders
  2 river rats (Sewer)
  3 shadow imps (D:7)
  A white imp (D:6)
  2 worms
  2 dart slugs
  41 orcs
  5 ball pythons
  4 bats (D:1)
  7 endoplasms
  4 giant cockroaches
  16 goblins
  6 hobgoblins
  4 jackals (D:4)
  7 quokkas
  12 frilled lizards
  7 kobolds
  8 rats
244 creatures vanquished.

Vanquished Creatures (others)
  A gnoll (D:7)
1 creature vanquished.

Grand Total: 245 creatures vanquished

Notes
Turn   | Place    | Note
-------+----------+-------------------------------------------
     0 | D:1      | qw the Gargoyle Fighter began the quest for the Orb.
     0 | D:1      | Reached XP level 1. HP: 14/14 MP: 1/1
     0 | D:1      | 0 ||| qw: Version: 0.3-a-41-g9d075ac
     0 | D:1      | 0 ||| qw: Game counter: 781
     0 | D:1      | 0 ||| qw: Melee chars always use a shield: true
     0 | D:1      | 0 ||| qw: God list: Okawaru
     0 | D:1      | 0 ||| qw: Allow faded altars: false
     0 | D:1      | 0 ||| qw: Do Orc after clearing Dungeon:15 true
     0 | D:1      | 0 ||| qw: Do second Lair branch before Depths: true
     0 | D:1      | 0 ||| qw: Lair rune preference: random
     0 | D:1      | 0 ||| qw: Goals: Normal, Zot:1-4, Slime:5, God:TSO, Crypt,
                  | Tomb, Abyss, Pan, Hells, Win
     0 | D:1      | 0 ||| PLANNING D:1-11
    55 | D:1      | Reached skill level 2 in Axes
   136 | D:1      | 136 ||| Stepping ~*~*~tactically~*~*~ (stealth).
   143 | D:1      | Reached XP level 2. HP: 19/19 MP: 2/2
   302 | D:1      | 302 ||| Stepping ~*~*~tactically~*~*~ (stealth).
   369 | D:1      | Reached skill level 3 in Axes
   451 | D:1      | 451 ||| DROPPING scarf of harm.
   452 | D:1      | 452 ||| READING 2 scrolls labelled UBROIXOELU.
   453 | D:1      | 453 ||| READING 4 scrolls labelled DAVVYH TONWO.
   454 | D:1      | 454 ||| READING scroll labelled JAS VUMYETICECI.
   455 | D:1      | 455 ||| READING scroll labelled IFFYICS HYOSK.
   456 | D:1      | 456 ||| READING 3 scrolls of identify.
   456 | D:1      | 456 ||| IDENTIFYING ruby potion
   457 | D:1      | 457 ||| DROPPING scroll of vulnerability.
   528 | D:2      | Noticed Terence
   529 | D:2      | 529 ||| Stepping ~*~*~tactically~*~*~ (stealth).
   538 | D:2      | Reached XP level 3. HP: 23/23 MP: 3/3
   539 | D:2      | 539 ||| Stepping ~*~*~tactically~*~*~ (stealth).
   562 | D:2      | Killed Terence
   563 | D:2      | Reached XP level 4. HP: 11/28 MP: 4/4
   786 | D:2      | 786 ||| DROPPING +0 whip.
   822 | D:2      | 822 ||| Stepping ~*~*~tactically~*~*~ (stealth).
   824 | D:2      | 824 ||| Stepping ~*~*~tactically~*~*~ (stealth).
   842 | D:2      | Reached skill level 4 in Axes
   948 | D:2      | Noticed Robin
   956 | D:2      | Killed Robin
  1058 | D:2      | 1058 ||| UPGRADING to +0 helmet.
  1063 | D:2      | 1063 ||| READING scroll labelled XAIVVYDGH OCEAF.
  1064 | D:2      | 1064 ||| READING scroll labelled LEUROJ PIGUUVI.
  1065 | D:2      | 1065 ||| READING scroll labelled MISYOXI FYIH.
  1066 | D:2      | 1066 ||| READING 2 scrolls labelled TIMO KAHONEI.
  1067 | D:2      | 1067 ||| DRINKING 2 glowing inky potions.
  1068 | D:2      | 1068 ||| READING 2 scrolls of identify.
  1068 | D:2      | 1068 ||| IDENTIFYING fizzy yellow potion
  1069 | D:2      | 1069 ||| DROPPING scroll of fear.
  1094 | D:3      | 1094 ||| PLANNING SEWER
  1148 | D:3      | Found a glowing drain.
  1220 | Sewer    | Entered a sewer
  1275 | Sewer    | Reached XP level 5. HP: 25/32 MP: 5/5
  1450 | Sewer    | Reached skill level 5 in Axes
  1561 | Sewer    | 1561 ||| READING scroll labelled ZEGEF JE SURGH.
  1562 | Sewer    | 1562 ||| READING scroll labelled HOIGREA SUMO.
  1563 | Sewer    | 1563 ||| READING 3 scrolls of identify.
  1563 | Sewer    | 1563 ||| IDENTIFYING bubbling silvery potion
  1564 | Sewer    | 1564 ||| READING 2 scrolls of identify.
  1564 | Sewer    | 1564 ||| IDENTIFYING green potion
  1568 | D:3      | 1568 ||| PLANNING D:1-11
  1685 | D:3      | 1685 ||| Stepping ~*~*~tactically~*~*~ (hiding).
  1727 | D:3      | Found a sacrificial altar of Ru.
  2185 | D:3      | Reached XP level 6. HP: 38/38 MP: 6/6
  2216 | D:3      | Reached skill level 1 in Dodging
  2308 | D:3      | 2308 ||| UPGRADING to +0 chain mail.
  2318 | D:3      | 2318 ||| DROPPING +0 scale mail.
  2319 | D:3      | 2319 ||| READING scroll labelled UHESHUVVEU.
  2330 | D:4      | 2330 ||| PLANNING OSSUARY
  2404 | D:4      | 2404 ||| Stepping ~*~*~tactically~*~*~ (hiding).
  2407 | D:4      | 2407 ||| Stepping ~*~*~tactically~*~*~ (hiding).
  2576 | D:4      | Found a glowing golden altar of the Shining One.
  2701 | D:4      | Noticed Eustachio
  2702 | D:4      | 2702 ||| Stepping ~*~*~tactically~*~*~ (stealth).
  2704 | D:4      | 2704 ||| Stepping ~*~*~tactically~*~*~ (stealth).
  2712 | D:4      | Killed Eustachio
  2713 | D:4      | Reached skill level 6 in Axes
  2809 | D:4      | Reached XP level 7. HP: 33/43 MP: 7/7
  2938 | D:4      | Found a shadowy altar of Dithmenos.
  2944 | D:4      | 2944 ||| Stepping ~*~*~tactically~*~*~ (stealth).
  2947 | D:4      | 2947 ||| Stepping ~*~*~tactically~*~*~ (hiding).
  2997 | D:4      | 2997 ||| RIP OSSUARY
  3010 | D:4      | 3010 ||| PLANNING D:1-11
  3022 | D:4      | Found a shimmering blue altar of Sif Muna.
  3053 | D:4      | 3053 ||| STAIRDANCE
  3057 | D:4      | 3057 ||| STAIRDANCE
  3061 | D:4      | 3061 ||| STAIRDANCE
  3065 | D:4      | 3065 ||| STAIRDANCE
  3069 | D:4      | 3069 ||| STAIRDANCE
  3073 | D:4      | 3073 ||| STAIRDANCE
  3077 | D:4      | 3077 ||| STAIRDANCE
  3081 | D:4      | 3081 ||| STAIRDANCE
  3085 | D:4      | 3085 ||| STAIRDANCE
  3089 | D:4      | 3089 ||| STAIRDANCE
  3093 | D:4      | 3093 ||| STAIRDANCE
  3097 | D:4      | 3097 ||| STAIRDANCE
  3101 | D:4      | 3101 ||| STAIRDANCE
  3105 | D:4      | 3105 ||| STAIRDANCE
  3109 | D:4      | 3109 ||| STAIRDANCE
  3113 | D:4      | 3113 ||| STAIRDANCE
  3117 | D:4      | 3117 ||| STAIRDANCE
  3121 | D:4      | 3121 ||| STAIRDANCE
  3125 | D:4      | 3125 ||| STAIRDANCE
  3129 | D:4      | 3129 ||| STAIRDANCE
  3570 | D:5      | Entered Level 5 of the Dungeon
  3619 | D:5      | 3619 ||| DRINKING 3 potions of curing.
  3619 | D:5      | 3619 ||| (to cure confusion)
  3668 | D:5      | 3668 ||| DROPPING +0 mace.
  3990 | D:5      | 3990 ||| Stepping ~*~*~tactically~*~*~ (stealth).
  3991 | D:5      | 3991 ||| Stepping ~*~*~tactically~*~*~ (stealth).
  4097 | D:5      | 4097 ||| Stepping ~*~*~tactically~*~*~ (hiding).
  4098 | D:5      | 4098 ||| Stepping ~*~*~tactically~*~*~ (hiding).
  4107 | D:5      | Reached skill level 7 in Axes
  4284 | D:5      | Found a staircase to the Ecumenical Temple.
  4285 | D:5      | 4285 ||| PLANNING TEMPLE
  4314 | Temple   | Entered the Ecumenical Temple
  4562 | Temple   | 4562 ||| PLANNING D:1-11
  4798 | D:5      | Reached skill level 1 in Throwing
  4798 | D:5      | Reached XP level 8. HP: 49/49 MP: 8/8
  4810 | D:5      | 4810 ||| READING scroll labelled RUISIOC PYTOPH.
  4870 | D:6      | 4870 ||| Stepping ~*~*~tactically~*~*~ (hiding).
  4875 | D:6      | 4875 ||| Stepping ~*~*~tactically~*~*~ (stealth).
  4879 | D:6      | 4879 ||| STAIRDANCE
  4883 | D:5      | 4883 ||| DRINKING 3 potions of curing.
  4883 | D:5      | 4883 ||| (to cure confusion)
  4889 | D:6      | 4889 ||| STAIRDANCE
  4941 | D:6      | 4941 ||| Stepping ~*~*~tactically~*~*~ (hiding).
  5011 | D:6      | 5011 ||| Stepping ~*~*~tactically~*~*~ (stealth).
  5014 | D:6      | 5014 ||| Stepping ~*~*~tactically~*~*~ (stealth).
  5019 | D:6      | 5019 ||| Stepping ~*~*~tactically~*~*~ (hiding).
  5020 | D:6      | 5020 ||| Stepping ~*~*~tactically~*~*~ (hiding).
  5091 | D:6      | Reached skill level 8 in Axes
  5154 | D:6      | Found an iron altar of Okawaru.
  5155 | D:6      | 5155 ||| PLANNING OKAWARU WORSHIP
  5155 | D:6      | 5155 ||| READING scroll labelled ERADEFR AVIEW.
  5256 | D:6      | 5256 ||| READING scroll labelled CANEOBLAPHEA.
  5256 | D:6      | Found a radiant altar of Vehumet.
  5257 | D:6      | 5257 ||| DRINKING 2 yellow potions.
  5258 | D:6      | 5258 ||| DROPPING potion of brilliance.
  5262 | D:6      | Became a worshipper of Warmaster Okawaru
  5263 | D:6      | 5263 ||| PLANNING D:1-11
  5412 | D:6      | 5412 ||| FLEEEEING.
  5413 | D:6      | 5413 ||| FLEEEEING.
  5414 | D:6      | 5414 ||| FLEEEEING.
  5415 | D:6      | 5415 ||| Stepping ~*~*~tactically~*~*~ (hiding).
  5469 | D:6      | Found Doathuja's Antique Armour Shoppe.
  5476 | D:6      | 5476 ||| BUYING cloak (135 gold).
  5476 | D:6      | Bought a cloak for 135 gold pieces
  5476 | D:6      | 5476 ||| SHOPLISTING glowing plate armour (780 gold, have
                  | 146).
  5489 | D:6      | Reached skill level 6 in Fighting
  5646 | D:6      | 5646 ||| UPGRADING to +0 cloak.
  5651 | D:6      | 5651 ||| READING scroll labelled ANOFOS CIGRUD.
  5652 | D:6      | 5652 ||| DRINKING 2 metallic black potions.
  5756 | D:6      | 5756 ||| DROPPING potion of berserk rage.
  5801 | D:7      | 5801 ||| Stepping ~*~*~tactically~*~*~ (stealth).
  5802 | D:7      | 5802 ||| Stepping ~*~*~tactically~*~*~ (stealth).
  5806 | D:7      | 5806 ||| FLEEEEING.
  5807 | D:7      | 5807 ||| FLEEEEING.
  5808 | D:7      | 5808 ||| FLEEEEING.
  5809 | D:7      | 5809 ||| FLEEEEING.
  5810 | D:7      | 5810 ||| FLEEEEING.
  5811 | D:7      | 5811 ||| FLEEEEING.
  5812 | D:7      | 5812 ||| STAIRDANCE
  5946 | D:7      | Reached * piety under Okawaru
  5947 | D:7      | Reached XP level 9. HP: 25/55 MP: 9/9
  5947 | D:7      | 5947 ||| FLEEEEING.
  5948 | D:7      | 5948 ||| INVOKING Heroism.
  5950 | D:7      | Reached skill level 9 in Axes
  5957 | D:7      | 5957 ||| STAIRDANCE
  6135 | D:7      | 6135 ||| Stepping ~*~*~tactically~*~*~ (hiding).
  6144 | D:7      | 6144 ||| Stepping ~*~*~tactically~*~*~ (stealth).
  6150 | D:7      | 6150 ||| Stepping ~*~*~tactically~*~*~ (hiding).
  6163 | D:7      | HP: 12/55 [something] (4)]
  6164 | D:7      | 6164 ||| READING 2 scrolls of teleportation.
  6294 | D:7      | 6294 ||| FLEEEEING.
  6295 | D:7      | 6295 ||| FLEEEEING.
  6296 | D:7      | 6296 ||| STAIRDANCE
  6319 | D:6      | 6319 ||| UPGRADING to ring of resist corrosion.
  6320 | D:6      | 6320 ||| READING 2 scrolls of identify.
  6320 | D:6      | 6320 ||| IDENTIFYING cyan potion
  6325 | D:7      | 6325 ||| STAIRDANCE
  6385 | D:7      | Reached skill level 1 in Invocations
  6448 | D:7      | 6448 ||| Stepping ~*~*~tactically~*~*~ (hiding).
  6451 | D:7      | 6451 ||| INVOKING Heroism.
  6559 | D:7      | 6559 ||| Stepping ~*~*~tactically~*~*~ (stealth).
  6688 | D:7      | 6688 ||| DROPPING +2 robe of resistance.
  6689 | D:7      | 6689 ||| UPGRADING to +0 plate armour.
  6699 | D:7      | 6699 ||| DROPPING +0 chain mail.
  6700 | D:7      | 6700 ||| UPGRADING to +0 kite shield.
  6710 | D:7      | 6710 ||| DROPPING +0 buckler.
  6711 | D:7      | 6711 ||| DRINKING 3 glowing silvery potions.
  6712 | D:7      | 6712 ||| READING 2 scrolls of identify.
  6712 | D:7      | 6712 ||| IDENTIFYING smoky grey potion
  6713 | D:7      | 6713 ||| DROPPING 2 potions of degeneration.
  6745 | D:8      | 6745 ||| Stepping ~*~*~tactically~*~*~ (stealth).
  6747 | D:8      | 6747 ||| Stepping ~*~*~tactically~*~*~ (stealth).
  6749 | D:8      | 6749 ||| Stepping ~*~*~tactically~*~*~ (stealth).
  6856 | D:8      | Reached skill level 3 in Invocations
  6856 | D:8      | 6856 ||| INVOKING Heroism.
  6948 | D:8      | Noticed a centaur warrior
  6949 | D:8      | 6949 ||| Stepping ~*~*~tactically~*~*~ (hiding).
  6950 | D:8      | 6950 ||| Stepping ~*~*~tactically~*~*~ (hiding).
  6953 | D:8      | 6953 ||| INVOKING Heroism.
  6965 | D:8      | Killed a centaur warrior
  6965 | D:8      | Reached ** piety under Okawaru
  6966 | D:8      | Reached skill level 6 in Shields
  7070 | D:8      | 7070 ||| READING scroll of brand weapon.
  7070 | D:8      | 7070 ||| BRANDING +1 heavy war axe.
  7118 | D:8      | Reached XP level 10. HP: 58/63 MP: 13/13
  7189 | D:8      | 7189 ||| Stepping ~*~*~tactically~*~*~ (hiding).
  7225 | D:8      | 7225 ||| Stepping ~*~*~tactically~*~*~ (hiding).
  7226 | D:8      | 7226 ||| Stepping ~*~*~tactically~*~*~ (hiding).
  7227 | D:8      | 7227 ||| Stepping ~*~*~tactically~*~*~ (hiding).
  7228 | D:8      | 7228 ||| Stepping ~*~*~tactically~*~*~ (hiding).
  7275 | D:8      | Found a snail-covered altar of Cheibriados.
  7331 | D:8      | 7331 ||| Stepping ~*~*~tactically~*~*~ (stealth).
  7334 | D:8      | 7334 ||| Stepping ~*~*~tactically~*~*~ (stealth).
  7355 | D:8      | Noticed Pikel
  7356 | D:8      | 7356 ||| Stepping ~*~*~tactically~*~*~ (stealth).
  7378 | D:8      | Killed Pikel
  7466 | D:8      | 7466 ||| Stepping ~*~*~tactically~*~*~ (hiding).
  7789 | D:8      | 7789 ||| READING 2 scrolls of identify.
  7789 | D:8      | 7789 ||| IDENTIFYING brown potion
  7963 | D:9      | Noticed Harold
  7964 | D:9      | 7964 ||| INVOKING Heroism.
  7977 | D:9      | HP: 10/63 [Harold/+5 battleaxe of freezing (13)]
  7978 | D:9      | 7978 ||| READING 2 scrolls of teleportation.
  7982 | D:9      | HP: 13/63 [Harold/+5 battleaxe of freezing (1)]
  7984 | D:9      | 7984 ||| READING scroll of teleportation.
  7986 | D:9      | 7986 ||| INVOKING Heroism.
  7987 | D:9      | HP: 6/63 [Harold/+5 battleaxe of freezing (8)]
  7988 | D:9      | Noticed a two-headed ogre
  7995 | D:9      | 7995 ||| DRINKING 3 potions of curing.
  7995 | D:9      | 7995 ||| (to cure confusion)
  8000 | D:9      | Killed a two-headed ogre
  8001 | D:9      | Reached skill level 6 in Armour
  8305 | D:9      | 8305 ||| Stepping ~*~*~tactically~*~*~ (hiding).
  8338 | D:9      | 8338 ||| INVOKING Heroism.
  8338 | D:9      | Noticed a boulder beetle
  8361 | D:9      | 8361 ||| INVOKING Heroism.
  8393 | D:9      | 8393 ||| INVOKING Heroism.
  8397 | D:9      | Noticed a green ugly thing
  8404 | D:9      | Noticed a two-headed ogre
  8406 | D:9      | 8406 ||| INVOKING Heroism.
  8408 | D:9      | Killed a green ugly thing
  8409 | D:9      | Reached skill level 9 in Shields
  8411 | D:9      | Killed a boulder beetle
  8412 | D:9      | Reached XP level 11. HP: 56/67 MP: 11/14
  8420 | D:9      | Killed a two-headed ogre
  8420 | D:9      | Reached *** piety under Okawaru
  8421 | D:9      | Reached skill level 10 in Axes
  8433 | D:9      | 8433 ||| INVOKING Heroism.
  8543 | D:9      | 8543 ||| INVOKING Heroism.
  8581 | D:9      | 8581 ||| Stepping ~*~*~tactically~*~*~ (stealth).
  8585 | D:9      | 8585 ||| INVOKING Heroism.
  8645 | D:9      | 8645 ||| Stepping ~*~*~tactically~*~*~ (stealth).
  8646 | D:9      | 8646 ||| INVOKING Heroism.
  8650 | D:9      | 8650 ||| Stepping ~*~*~tactically~*~*~ (hiding).
  8651 | D:9      | 8651 ||| Stepping ~*~*~tactically~*~*~ (hiding).
  8653 | D:9      | 8653 ||| Stepping ~*~*~tactically~*~*~ (hiding).
  8670 | D:9      | 8670 ||| INVOKING Heroism.
  8675 | D:9      | Killed Harold
  8701 | D:9      | 8701 ||| FLEEEEING.
  8702 | D:9      | 8702 ||| FLEEEEING.
  8704 | D:9      | 8704 ||| FLEEEEING.
  8705 | D:9      | 8705 ||| FLEEEEING.
  8707 | D:9      | 8707 ||| FLEEEEING.
  8709 | D:9      | 8709 ||| FLEEEEING.
  8713 | D:9      | 8713 ||| FLEEEEING.
  8714 | D:9      | 8714 ||| FLEEEEING.
  8715 | D:9      | 8715 ||| FLEEEEING.
  8716 | D:9      | 8716 ||| FLEEEEING.
  8717 | D:9      | 8717 ||| FLEEEEING.
  8718 | D:9      | 8718 ||| STAIRDANCE
  8820 | D:8      | 8820 ||| READING 3 scrolls of identify.
  8820 | D:8      | 8820 ||| IDENTIFYING silvery potion
  8821 | D:8      | 8821 ||| READING 2 scrolls of identify.
  8821 | D:8      | 8821 ||| IDENTIFYING smoky puce potion
  8826 | D:9      | 8826 ||| STAIRDANCE
  8921 | D:9      | Noticed a two-headed ogre
  8922 | D:9      | 8922 ||| INVOKING Heroism.
  8931 | D:9      | Killed a two-headed ogre
  9298 | D:10     | Entered Level 10 of the Dungeon
  9298 | D:10     | Noticed Joseph
  9308 | D:10     | 9308 ||| INVOKING Heroism.
  9316 | D:10     | Killed Joseph
  9357 | D:10     | 9357 ||| Stepping ~*~*~tactically~*~*~ (stealth).
  9359 | D:10     | 9359 ||| Stepping ~*~*~tactically~*~*~ (stealth).
  9364 | D:10     | 9364 ||| Stepping ~*~*~tactically~*~*~ (stealth).
  9368 | D:10     | 9368 ||| INVOKING Heroism.
  9508 | D:10     | 9508 ||| INVOKING Heroism.
  9519 | D:10     | Reached skill level 11 in Axes
  9532 | D:10     | 9532 ||| Stepping ~*~*~tactically~*~*~ (stealth).
  9557 | D:10     | 9557 ||| DROPPING +0 morningstar.
  9579 | D:10     | 9579 ||| DRINKING 3 potions of curing.
  9579 | D:10     | 9579 ||| (to cure confusion)
  9658 | D:10     | Noticed Maurice
  9687 | D:10     | HP: 12/69 [something (6)]
  9690 | D:10     | HP: 4/69 [something (9)]
  9693 | D:10     | Slain by Maurice

Levels and vault maps discovered:
D:1:      roderic_dead_forest, layout_rooms
D:2:      layout_rooms, serial_curves, eino_curves_03, eino_curves_01,
          uniq_terence, uniq_robin
D:3:      layout_loops_ring, nicolae_overflow_hidden_temple,
          portal_sewer_entry_f
D:4:      layout_basic, grunt_dithmenos_smoke, mainiacjoe_overflow_chevrons,
          mainiacjoe_overflow_surrounded_room, enter_ossuary_5, uniq_eustachio
D:5:      layout_loops_corners, minmay_temple_entry_junction,
          hangedman_decor_diamond_cutter, supply_closet_lemuel
D:6:      layout_cave_pools, mainiacjoe_overflow_big_doors, serial_shops,
          nicolae_shop_just_a_little_nook
D:7:      layout_rooms, enter_bailey_3, nicolae_grassy_gnolls
D:8:      layout_loops_cross, mainiacjoe_overflow_six_doors_small, uniq_pikel
D:9:      nzn_winding_woodlands_small [nzn_winding_woodlands_5x15_sawtooth,
          nzn_winding_woodlands_center_garden,
          nzn_winding_woodlands_5x15_crooked], layout_basic, uniq_harold
D:10:     kennysheep_blocky_hall, layout_cave_pods,
          mainiacjoe_overflow_boulevard, kennysheep_cross_bottleneck,
          uniq_maurice, uniq_joseph, uniq_grum
Temple:   minmay_temple_curvy_branch

Skill      XL: |  1  2  3  4  5  6  7  8  9 10 11 |
---------------+----------------------------------+-----
Axes           | 2 3 4 5 6 7 8 9 11 | 11.0
Fighting       | 4 5 6 7 8 |  8.6
Dodging        | 1 |  1.1
Throwing       | 1 2 |  2.2
Armour         | 4 6 7 |  7.0
Shields        | 6 9 10 | 10.0
Invocations    | 4 |  4.9

Action                     |  1- 3 |  4- 6 |  7- 9 | 10-12 || total
---------------------------+-------+-------+-------+-------++-------
  Melee: War axe           |    74 |   199 |   195 |   355 ||   823
  Throw: Boomerang         |       |    10 |    54 |    28 ||    92
 Invoke: Heroism           |       |       |     4 |    15 ||    19
    Use: Scroll            |     5 |    10 |     8 |     5 ||    28
         Potion            |       |     1 |     5 |     2 ||     8
 Armour: Scale mail        |    27 |    97 |       |       ||   124
         Chain mail        |       |     5 |   165 |       ||   170
         Plate armour      |       |       |    43 |   179 ||   222
  Dodge: Dodged            |    37 |    92 |    94 |    59 ||   282
  Block: Buckler           |    13 |    47 |    40 |       ||   100
         Kite shield       |       |       |    25 |   153 ||   178

Table legend:
 A = Non-vault XP
 B = Vault XP
 C = Vault XP percentage of total XP
 D = Non-vault monster count
 E = Vault monster count
 F = Vault count percentage of total count
                 A         B        C        D         E       F
            +---------+---------+-------+---------+---------+-------
      Total |    7417 |    7655 |  50.8 |     171 |      70 |  29.0
            +---------+---------+-------+---------+---------+-------
        D:1 |      31 |       0 |   0.0 |      17 |       0 |   0.0
        D:2 |      35 |      75 |  68.2 |      13 |      13 |  50.0
        D:3 |     102 |      10 |   8.9 |      20 |       5 |  20.0
        D:4 |     155 |     196 |  55.8 |      18 |       1 |   5.3
        D:5 |     604 |       0 |   0.0 |      20 |       0 |   0.0
        D:6 |     713 |       0 |   0.0 |      19 |       0 |   0.0
        D:7 |    1264 |     126 |   9.1 |      27 |       8 |  22.9
        D:8 |    1767 |     919 |  34.2 |      14 |       3 |  17.6
        D:9 |    2040 |    5099 |  71.4 |      12 |      18 |  60.0
       D:10 |     706 |    1149 |  61.9 |      11 |       3 |  21.4
      Sewer |       0 |      81 | 100.0 |       0 |      19 | 100.0
            +---------+---------+-------+---------+---------+-------
